 Dungeon Crawl Stone Soup version 0.29-a0-876-gfc89b1a5bd (webtiles) character file.

Game seed: 4097589680527553365

14195 RevDB the Basher (level 11, -4/107 HPs)
             Began as a Minotaur Fighter on July 19, 2022.
             Was a High Priest of Okawaru.
             Slain by an eight-headed hydra (5 damage)
             ... on level 2 of the Lair of Beasts.
             The game lasted 01:30:05 (11320 turns).

RevDB the Basher (Minotaur Fighter)                Turns: 11320, Time: 01:30:06

Health: -4/107     AC: 18    Str: 25    XL:     11   Next: 85%
Magic:  11/13      EV: 11    Int:  5    God:    Okawaru [*****.]
Gold:   506        SH:  0    Dex: 10    Spells: 10/10 levels left

rFire   . . .      SeeInvis .   V - +0 demon whip (venom)
rCold   . . .      Faith    .   W - orb {mayhem}
rNeg    + . .      Spirit   .   g - +2 chain mail "Cuteiba" {rN+}
rPois   .          Reflect  .   (helmet restricted)
rElec   .          Harm     .   u - scarf {repulsion}
rCorr   +          Rampage  .   T - +0 pair of gloves
Will    .....                   L - +0 pair of boots
Stlth   ..........              (no amulet)
HPRegen 0.27/turn               o - ring of resist corrosion
MPRegen 0.13/turn               (no ring)

@: heroic, repel missiles
A: horns 2, retaliatory headbutt
a: Renounce Religion, Heroism, Finesse, Duel


You were on level 2 of the Lair of Beasts.
You worshipped Okawaru.
Okawaru was extremely pleased with you.
You visited 3 branches of the dungeon, and saw 12 of its levels.

You collected 540 gold pieces.
You donated 34 gold pieces to Zin.

Inventory:

Hand Weapons
 a - a +2 whip of flaming
 b - a +1 dire flail of protection
 s - a +0 morningstar
 I - a +1 whip of freezing
 M - a +0 flail
 N - a +0 mace
 V - a +0 demon whip of venom (weapon)
Missiles
 e - 13 javelins
 m - 90 stones
 n - a throwing net
 E - 4 curare-tipped darts
 J - 13 poisoned darts (quivered)
 P - 8 atropa-tipped darts
Armour
 c - a +0 buckler
 g - the +2 chain mail "Cuteiba" (worn) {rN+}
   (You found it on level 2 of the Lair of Beasts)

   rN:        It protects you from negative energy.
 u - a scarf of repulsion (worn)
 y - a +4 ring mail
 B - a +0 plate armour
 L - a +0 pair of boots (worn)
 T - a +0 pair of gloves (worn)
 U - a +1 robe of cold resistance
 W - an orb of mayhem (worn)
Jewellery
 o - a ring of resist corrosion (left hand)
 S - a ring of ice
Wands
 v - a wand of flame (8)
 H - a wand of acid (17)
 O - a wand of roots (5)
Scrolls
 h - a scroll of summoning
 i - 2 scrolls of vulnerability
 j - a scroll of amnesia
 k - a scroll of noise
 q - 2 scrolls of blinking
 r - 4 scrolls of fog
 w - a scroll of immolation
 x - 4 scrolls of teleportation
 A - a scroll of brand weapon {unknown}
 F - a scroll of enchant weapon
 Q - 2 scrolls of silence {unknown}
 R - a scroll of poison
Potions
 d - 3 potions of might
 f - a potion of lignification {unknown}
 l - 7 potions of curing {unknown}
 p - a potion of brilliance {unknown}
 t - 2 potions of attraction
 z - a potion of berserk rage {unknown}
 C - 2 potions of degeneration {unknown}
 D - 2 potions of mutation {unknown}
 G - a potion of cancellation {unknown}
 K - a potion of ambrosia {unknown}
 X - a potion of haste {unknown}


   Skills:
 - Level 13.0(18.0) Fighting
 - Level 14.0(19.0) Maces & Flails
 + Level 7.7(12.7) Throwing
 - Level 9.0(14.0) Armour
 - Level 2.0(7.0) Dodging
 - Level 4.0(9.0) Shields
 - Level 4.0 Invocations


You had 10 spell levels left.
You didn't know any spells.
Your spell library contained the following spells:

 Spells                   Type           Power      Damage    Failure   Level
 Freeze                   Ice            0%         1d3       91%         1
 Static Discharge         Conj/Air       0%         3-3/arc   97%         2
 Sublimation of Blood     Necr           0%         N/A       97%         2
 Wereblood                Tmut           0%         N/A       97%         2
 Confusing Touch          Hex            0%         N/A       100%        3
 Frozen Ramparts          Ice            0%         1d2       100%        3
 Inner Flame              Hex/Fire       0%         N/A       100%        3
 Cause Fear               Hex            0%         N/A       100%        4
 Dispel Undead            Necr           0%         3d6       100%        4
 Hailstorm                Conj/Ice       0%         3d3       100%        4
 Passage of Golubria      Tloc           0%         N/A       100%        4
 Sticky Flame             Conj/Fire      0%         2d3       100%        4
 Fireball                 Conj/Fire      0%         3d3       100%        5
 Iskenderun's Battlesphe  Conj           0%         2d6       100%        5
 Silence                  Hex/Air        0%         N/A       100%        5
 Yara's Violent Unravell  Hex/Tmut       0%         3d3       100%        5
 Conjure Ball Lightning   Conj/Air       0%         3x3d6     100%        6
 Enfeeble                 Hex            0%         N/A       100%        7
 Orb of Destruction       Conj           0%         9d5       100%        7
 Discord                  Hex            0%         N/A       100%        8
 Lehudib's Crystal Spear  Conj/Erth      0%         10d2      100%        8
 Chain Lightning          Conj/Air       0%         N/A       100%        9
 Fire Storm               Conj/Fire      0%         5d1       100%        9
 Shatter                  Erth           0%         3d5*      100%        9
 Summon Hydra             Summ           Unusable   N/A       N/A         7

Dungeon Overview and Level Annotations

Branches:
Dungeon (9/15)             Temple (1/1) D:7            Lair (2/5) D:9
  Swamp: Lair:2-3    Shoals: Lair:2-3     Snake: Lair:2-3    Spider: Lair:2-3
    Orc: D:9-12

Altars:
Ashenzari
Cheibriados
Dithmenos
Elyvilon
Fedhas
Gozag
Hepliaklqana
Kikubaaqudgha
Nemelex Xobeh
Okawaru
Qazlal
Ru
Sif Muna
Trog
Uskayaw
Vehumet
Wu Jian
Xom
Yredelemnul
Zin
The Shining One


Innate Abilities, Weirdness & Mutations

You have a pair of horns on your head.
You reflexively headbutt those who attack you in melee.


Message History

The eight-headed hydra bites you but does no damage. x2
The eight-headed hydra misses you.
The eight-headed hydra bites you but does no damage.
The eight-headed hydra bites you!
You gain the combat prowess of a mighty hero.
The eight-headed hydra bites you but does no damage. x2
The eight-headed hydra bites you.
The eight-headed hydra barely misses you.
The eight-headed hydra bites you but does no damage. x2
The eight-headed hydra bites you. x2
You hit the eight-headed hydra.
The eight-headed hydra is lightly wounded.
You whack the eight-headed hydra!
Your headbutt misses the eight-headed hydra.
The eight-headed hydra is moderately wounded.
The eight-headed hydra bites you but does no damage.
The eight-headed hydra bites you.
The eight-headed hydra barely misses you.
The eight-headed hydra bites you but does no damage. x2
The eight-headed hydra bites you!
The eight-headed hydra closely misses you.
The eight-headed hydra bites you but does no damage.
You barely miss the eight-headed hydra. You headbutt the eight-headed hydra!
The eight-headed hydra is heavily wounded.
You whack the eight-headed hydra!
The eight-headed hydra looks as sick as possible!
Your headbutt misses the eight-headed hydra.
The eight-headed hydra is severely wounded.
The eight-headed hydra bites you!
* * * LOW HITPOINT WARNING * * *
The eight-headed hydra bites you.
* * * LOW HITPOINT WARNING * * *
The eight-headed hydra bites you!
* * * LOW HITPOINT WARNING * * *
The eight-headed hydra closely misses you.
The eight-headed hydra bites you but does no damage.
The eight-headed hydra bites you.
* * * LOW HITPOINT WARNING * * *
The eight-headed hydra bites you.
You die...

# #### ###### ### ### .##
.#.###.P#.#####.###P####.####
......P......#..............#
...........[....@D..........#
..............[.............#
..^†......).......[.......[P#
.............#.............##
.............#.......>..†..#
.............#..........([.#
.............#.............#
.<............#.............#
..............#............##


You could see an eight-headed hydra (extremely poisoned).

Vanquished Creatures
  Fannar (Lair:1)
  A hydra (Lair:1)
  A boulder beetle (Lair:1)
  A two-headed ogre (D:8)
  A catoblepas (Lair:2)
  Sonja (Lair:2)
  Amaemon (Lair:1)
  Pikel (D:6)
  An orange demon (Lair:1)
  A cane toad (Lair:1)
  An unseen horror (D:6)
  2 rime drakes
  4 komodo dragons
  A troll (D:9)
  Prince Ribbit (D:7)
  A vampire (D:8)
  2 wyverns
  11 yaks
  Grum (Lair:1)
  Menkaure (D:6)
  8 water moccasins
  2 orc warriors
  A black bear (D:7)
  2 ice beasts
  4 sky beasts
  2 wolves (Lair:1)
  2 centaurs
  4 lemures (D:6)
  2 kobold brigands
  5 bullfrogs
  2 necrophages
  3 scorpions
  A gnoll sergeant (D:7)
  8 wights
  10 killer bees
  A vampire bat (D:6)
  A howler monkey (D:5)
  4 electric eels (Lair:1)
  3 hounds
  6 orc priests
  A jelly (D:6)
  4 iguanas
  4 orc wizards
  2 adders
  8 gnolls
  A shadow imp (D:8)
  4 ufetubi (D:6)
  A worm (D:2)
  2 dart slugs
  23 orcs
  2 ball pythons
  8 endoplasms
  4 giant cockroaches
  4 hobgoblins
  3 quokkas
  6 bats
  5 frilled lizards
  10 goblins
  15 kobolds
  5 rats
218 creatures vanquished.

Vanquished Creatures (others)
  5 fungi (Lair:2)
  45 plants
50 creatures vanquished.

Grand Total: 268 creatures vanquished

Notes
Turn   | Place    | Note
-------+----------+-------------------------------------------
     0 | D:1      | RevDB the Minotaur Fighter began the quest for the Orb.
     0 | D:1      | Reached XP level 1. HP: 19/19 MP: 0/0
   110 | D:1      | Reached XP level 2. HP: 27/27 MP: 1/1
   129 | D:1      | Found a faded altar of an unknown god.
   560 | D:2      | Reached skill level 3 in Maces & Flails
   644 | D:2      | Reached XP level 3. HP: 30/33 MP: 2/2
  1502 | D:3      | Found a sparkling altar of Nemelex Xobeh.
  1535 | D:3      | Found a hazy altar of Hepliaklqana.
  1871 | D:3      | Found a shimmering blue altar of Sif Muna.
  1933 | D:4      | Reached skill level 4 in Maces & Flails
  2090 | D:4      | Reached XP level 4. HP: 28/41 MP: 3/3
  2693 | D:5      | Entered Level 5 of the Dungeon
  2708 | D:5      | Noticed a scorpion
  2708 | D:5      | Noticed a sky beast
  2717 | D:5      | Killed a scorpion
  2718 | D:5      | Reached skill level 5 in Fighting
  2718 | D:5      | Reached skill level 5 in Maces & Flails
  2718 | D:5      | Reached XP level 5. HP: 48/48 MP: 4/4
  2721 | D:5      | Killed a sky beast
  2722 | D:5      | Reached skill level 6 in Maces & Flails
  2722 | D:5      | Reached XP level 6. HP: 49/56 MP: 5/5
  2800 | D:5      | Reached skill level 7 in Maces & Flails
  2819 | D:4      | Reached skill level 1 in Throwing
  3059 | D:5      | Found a sacrificial altar of Ru.
  3059 | D:5      | Found an ancient bone altar of Kikubaaqudgha.
  3061 | D:5      | Found a glowing silver altar of Zin.
  3106 | D:5      | Reached XP level 7. HP: 63/63 MP: 6/6
  3177 | D:5      | Reached skill level 8 in Maces & Flails
  3398 | D:6      | Reached skill level 9 in Maces & Flails
  3545 | D:6      | Reached XP level 8. HP: 70/70 MP: 7/7
  4011 | D:6      | Noticed Pikel
  4033 | D:6      | Killed Pikel
  4034 | D:6      | Reached skill level 10 in Maces & Flails
  4300 | D:6      | Noticed Menkaure
  4308 | D:6      | Killed Menkaure
  4391 | D:6      | Reached skill level 11 in Maces & Flails
  4391 | D:6      | Reached XP level 9. HP: 73/81 MP: 8/8
  4418 | D:6      | Killed an unseen horror
  5008 | D:5      | Became a worshipper of Zin the Law-Giver
  5008 | D:5      | Reached * piety under Zin
  5138 | D:7      | Reached skill level 12 in Maces & Flails
  5268 | D:7      | Found a staircase to the Ecumenical Temple.
  5277 | Temple   | Entered the Ecumenical Temple
  5443 | Temple   | Fell from the grace of Zin
  5443 | Temple   | Became a worshipper of the Shining One
  5580 | D:7      | Noticed Prince Ribbit
  5593 | D:7      | Killed Prince Ribbit
  5594 | D:7      | Reached skill level 1 in Dodging
  5609 | D:7      | Reached skill level 5 in Armour
  5883 | D:7      | Found an iron altar of Okawaru.
  5891 | D:7      | Fell from the grace of the Shining One
  5891 | D:7      | Became a worshipper of Warmaster Okawaru
  6042 | D:7      | Reached skill level 10 in Fighting
  6111 | D:7      | Found a white marble altar of Elyvilon.
  6555 | D:8      | Reached XP level 10. HP: 87/94 MP: 9/9
  6561 | D:8      | Reached * piety under Okawaru
  6984 | D:8      | Reached skill level 13 in Maces & Flails
  7274 | D:8      | Noticed a two-headed ogre
  7284 | D:8      | Killed a two-headed ogre
  7284 | D:8      | Reached ** piety under Okawaru
  7347 | D:8      | Reached skill level 14 in Maces & Flails
  7886 | D:9      | Found a staircase to the Lair.
  7983 | D:9      | Reached *** piety under Okawaru
  8173 | D:9      | Found a broken altar of Ashenzari.
  8514 | D:9      | Found a basalt altar of Yredelemnul.
  8645 | Lair:1   | Entered Level 1 of the Lair of Beasts
  8668 | Lair:1   | Noticed Grum
  8678 | Lair:1   | Killed Grum
  8796 | Lair:1   | Reached skill level 5 in Throwing
  8812 | Lair:1   | Reached XP level 11. HP: 55/104 MP: 10/10
  8947 | Lair:1   | Reached **** piety under Okawaru
  9617 | Lair:1   | Noticed Fannar
  9763 | Lair:1   | Killed Fannar
  9909 | Lair:1   | Noticed a four-headed hydra
  9920 | Lair:1   | Killed a four-headed hydra
  9920 | Lair:1   | Noticed a boulder beetle
 10151 | Lair:1   | Killed a boulder beetle
 10151 | Lair:1   | Received a gift from Okawaru
 10223 | Lair:1   | Noticed Amaemon
 10238 | Lair:1   | Killed Amaemon
 10632 | Lair:2   | Noticed Sonja
 10640 | Lair:2   | Killed Sonja
 10805 | Lair:2   | Reached ***** piety under Okawaru
 10805 | Lair:2   | Received a gift from Okawaru
 11100 | Lair:2   | Identified the +2 chain mail "Cuteiba" {rN+}
 11148 | Lair:2   | Noticed a catoblepas
 11193 | Lair:2   | Killed a catoblepas
 11248 | Lair:2   | Received a gift from Okawaru
 11299 | Lair:2   | Noticed an eight-headed hydra
 11320 | Lair:2   | HP: 5/107 [eight-headed hydra (12)]
 11320 | Lair:2   | HP: 1/107 [eight-headed hydra (4)]
 11320 | Lair:2   | Slain by an eight-headed hydra

Illustrated notes

Levels and vault maps discovered:
D:1:      dpeg_arrival_rooms_c, layout_rooms,
          hellmonk_ecumenical_altar_arch_garden, minmay_pentomino_r2
D:2:      layout_loops_ring, lightli_corner_chamber
D:3:      layout_basic, amcnicky_altar_gilded, led_sif_pool,
          nzn_hepliaklqana_mist_gate
D:4:      layout_basic, hangedman_abyss_or_decor_passed, serial_bayou_lagoon_a,
          minmay_small_thing
D:5:      layout_rooms, nicolae_overflow_hidden_temple
D:6:      layout_loops_cross, roderic_batcave, kennysheep_generic_room_5,
          uniq_menkaure, uniq_pikel
D:7:      layout_loops_ring, mainiacjoe_overflow_small_starburst,
          okawaru_trees_2, temple_hall, minmay_misc_feat_tiny,
          uniq_prince_ribbit1
D:8:      layout_basic
D:9:      layout_loops_ring, mainiacjoe_overflow_alcove_2,
          mainiacjoe_overflow_catwalk, david_lair_shrubbed
Temple:   nicolae_temple_bog_church
Lair:1:   layout_regular_city, serial_bayou_shore_a, serial_bayou_shore_b,
          grunt_megastairs_3, lemuel_fruit_fields, uniq_grum, uniq_fannar,
          uniq_amaemon
Lair:2:   layout_roguey, serial_bayou_pond_c, minivault_27, uniq_sonja

Skill      XL: |  1  2  3  4  5  6  7  8  9 10 11 |
---------------+----------------------------------+-----
Fighting       | 4 5 6 8 10 12 13 | 13.0
Armour         | 4 6 7 9 |  9.0
Maces & Flails | 3 4 5 6 7 9 11 12 14 | 14.0
Shields        | 4 |  4.0
Throwing       | 1 3 4 5 7 |  7.7
Dodging        | 2 |  2.0
Invocations    | 4 |  4.0

Action                   |  1- 3 |  4- 6 |  7- 9 | 10-12 || total
-------------------------+-------+-------+-------+-------++-------
Melee: Flail             |    85 |    42 |   110 |       ||   237
       Headbutt          |    10 |    18 |    54 |    57 ||   139
       Whip              |    50 |    40 |   208 |    17 ||   315
       Morningstar       |       |       |     2 |    52 ||    54
       Dire flail        |       |       |       |   193 ||   193
       Demon whip        |       |       |       |    53 ||    53
Throw: Javelin           |     2 |       |     1 |       ||     3
       Dart              |       |       |     3 |    14 ||    17
Invok: Recite            |       |       |     1 |       ||     1
       Heroism           |       |       |       |     3 ||     3
  Use: Scroll            |       |       |     7 |     4 ||    11
Armor: Chain mail        |    58 |       |       |    29 ||    87
       Ring mail         |     4 |    30 |   101 |    86 ||   221
Dodge: Dodged            |    36 |    42 |    85 |   117 ||   280
       Repelled          |       |       |     1 |     3 ||     4
Block: Buckler           |    18 |    18 |    42 |     9 ||    87

Table legend: (Time is in decaauts)
 A = Elapsed time spent in this place.
 B = Non-inter-level travel time spent in this place.
 C = Inter-level travel time spent in this place.
 D = Time resting spent in this place.
 E = Time spent auto-exploring this place.
 F = Levels seen in this place.
 G = Mean time per level.
                   A        B        C        D        E       F      G
               +--------+--------+--------+--------+--------+-----+--------+
         Total |  11181 |  10882 |    299 |   3301 |   1468 |  12 |  931.8 |
       Dungeon |   8368 |   8069 |    299 |   1831 |   1407 |   9 |  929.8 |
        Temple |    200 |    200 |      0 |      0 |      0 |   1 |  200.0 |
          Lair |   2613 |   2613 |      0 |   1470 |     61 |   2 | 1306.5 |
               +--------+--------+--------+--------+--------+-----+--------+

Top non-repeatable levels by time:
  Lair:1: 1951 daAuts
     D:6: 1640 daAuts
     D:7: 1456 daAuts
     D:4: 1003 daAuts
     D:9: 951 daAuts
     D:8: 848 daAuts
     D:2: 754 daAuts
  Lair:2: 661 daAuts
     D:3: 631 daAuts
     D:1: 559 daAuts
     D:5: 523 daAuts
  Temple: 200 daAuts
